 Dungeon Crawl Stone Soup version 0.23-b1-58-ge3fafae (webtiles) character file.

Game seed: 5228530774476127286

7076 teukkam the Fighter (level 10, -3/101 HPs)
             Began as a Minotaur Fighter on Feb 4, 2019.
             Was a High Priest of Wu Jian.
             Slain by a six-headed hydra (11 damage)
             ... on level 1 of the Lair of Beasts.
             The game lasted 00:49:49 (9004 turns).

teukkam the Fighter (Minotaur Fighter)              Turns: 9004, Time: 00:49:50

Health: -3/101     AC: 13    Str: 25    XL:     10   Next: 84%
Magic:  9/9        EV:  8    Int:  5    God:    Wu Jian [*****.]
Gold:   713        SH: 11    Dex:  9    Spells: 9/9 levels left

rFire    . . .     SeeInvis .   e - +0 whip (freeze)
rCold    + . .     Gourm    +   x - +0 shield
rNeg     . . .     Faith    .   m - +0 chain mail
rPois    .         Spirit   .   (helmet restricted)
rElec    .         Reflect  .   (no cloak)
rCorr    .         Harm     .   u - +0 pair of gloves
MR       .....                  z - +0 pair of boots
Stlth    ..........             G - amulet of the gourmand
HPRegen  0.26/turn              q - +3 ring of slaying
MPRegen  0.11/turn              P - ring of protection from cold

@: no status effects
A: retaliatory headbutt, horns 2, repulsion field 1, blurry vision 1,
deterioration 1
a: Wall Jump, Serpent's Lash, Heavenly Storm, Renounce Religion


You were on level 1 of the Lair of Beasts.
You worshipped Wu Jian.
Wu Jian was extremely pleased with you.
You were completely stuffed.

You visited 3 branches of the dungeon, and saw 13 of its levels.

You collected 713 gold pieces.

Inventory:

Hand Weapons
 a - a +2 hand axe of electrocution
 b - a +0 hunting sling
 c - a +0 falchion of holy wrath
 e - a +0 whip of freezing (weapon)
 k - a +0 war axe
 E - a +1 halberd of freezing
 F - a +0 spear of freezing
 Q - a +0 shortbow
Missiles
 d - 219 arrows
 h - 69 sling bullets
 p - 33 poisoned needles
 t - 5 tomahawks
 y - 2 throwing nets (quivered)
Armour
 m - a +0 chain mail (worn)
 u - a +0 pair of gloves (worn)
 x - a +0 shield (worn)
 z - a +0 pair of boots (worn)
Magical Staves
 M - an uncursed staff of summoning
Jewellery
 j - an uncursed amulet of the acrobat
 q - a +3 ring of slaying (left hand)
 s - an uncursed ring of positive energy
 A - an uncursed ring of fire
 G - an amulet of the gourmand (around neck)
 H - a +4 ring of intelligence
 L - an uncursed ring of wizardry
 P - a ring of protection from cold (right hand)
Wands
 v - a wand of iceblast (12)
 w - a wand of random effects (14)
 I - a wand of digging (8)
 J - a wand of enslavement (10)
 O - a wand of disintegration (12)
Scrolls
 g - 5 scrolls of identify
 i - 2 scrolls of blinking
 l - 2 scrolls of teleportation
 r - 3 scrolls of remove curse
 B - a scroll of amnesia
 D - a scroll of torment {unknown}
 N - 2 scrolls of fear
 R - a scroll of noise {unknown}
Potions
 n - 3 potions of lignification
 o - a potion of brilliance
 K - a potion of haste
Comestibles
 f - 18 rations


   Skills:
 + Level 13.0 Fighting
 - Level 6.0 Axes
 + Level 10.7 Slings
 - Level 6.6 Armour
 - Level 6.6 Shields


You had 9 spell levels left.
You didn't know any spells.
Your spell library contained the following spells:

 Spells                   Type           Power        Failure   Level  Hunger
 Magic Dart               Conj           #...         100%        1    ##.....
 Searing Ray              Conj           #.....       100%        2    ###....
 Dazzling Spray           Conj/Hex       #.....       100%        3    ####...
 Force Lance              Conj/Tloc      #.......     100%        4    #####..
 Fulminant Prism          Conj/Hex       #.........   100%        4    #####..
 Iskenderun's Mystic Bla  Conj           #.......     100%        4    #####..


Dungeon Overview and Level Annotations

Branches:
Dungeon (11/15)            Temple (1/1) D:6            Lair (1/6) D:11
    Orc: D:9-12

Altars:
Ashenzari
Cheibriados
Dithmenos
Elyvilon
Fedhas
Gozag
Hepliaklqana
Makhleb
Nemelex Xobeh
Okawaru
Qazlal
Ru
Sif Muna
Trog
Uskayaw
Vehumet
Wu Jian
Xom
Yredelemnul
Zin
The Shining One
Beogh

Shops:
D:11 [


Innate Abilities, Weirdness & Mutations

You reflexively headbutt those who attack you in melee.
You have a pair of horns on your head.
You are surrounded by a mild repulsion field. (EV +2)
Scrolls take you a little longer to read.
Your body sometimes deteriorates upon taking damage.


Message History

* * * LOW HITPOINT WARNING * * *
Something bites you!
* * * LOW HITPOINT WARNING * * *
Something bites you but does no damage. x4
You feel better. The porcupine bites you!
* * * LOW HITPOINT WARNING * * *
You feel better. You block the porcupine's attack. Something bites you.
* * * LOW HITPOINT WARNING * * *
Something bites you but does no damage. x5; You block the porcupine's attack.
Really read with blurry vision while enemies are nearby? [Y]es or [N]o only, please.
Really read with blurry vision while enemies are nearby? [Y]es or [N]o only, please.
Really read with blurry vision while enemies are nearby?
You begin reading the scroll.
You continue reading the scroll.
You block the porcupine's attack. Something bites you but does no damage.
Something bites you!
* * * LOW HITPOINT WARNING * * *
Something bites you but does no damage. x3; Something bites you!
You die...

......# ###
##+P##.P#### #.####
#..........# ..##.#
#..........#
#<'..###....?.....###
..#...†#............##
P.###..'..............
..# ####.......r..#
### #.......{@.#
#...........#
##.##.+.##.##
##....##### #...##
#.+.## .... ..


You could see a porcupine.

Vanquished Creatures
  A hydra (D:9)
  2 unseen horrors (D:11)
  Pikel (D:5)
  A troll (D:11)
  Edmund (D:6)
  2 wargs (D:11)
  A water moccasin (Lair:1)
  A hornet zombie (D:9)
  5 orc warriors
  3 sky beasts
  2 ice beasts
  A black bear (D:8)
  4 centaurs
  5 ogres
  3 big kobolds (D:9)
  4 bullfrogs
  2 gnoll sergeants
  A scorpion (D:8)
  3 wights (D:7)
  4 crimson imps
  A quasit (D:8)
  10 orc priests
  2 hounds
  A jelly (D:11)
  2 centaur skeletons
  Terence (D:3)
  3 worker ants
  Natasha (thrice) (D:2)
  14 orc wizards
  A killer bee zombie (D:8)
  Robin (D:3)
  2 worker ant zombies
  11 gnolls
  A howler monkey skeleton (D:6)
  11 adders
  3 worms
  A dart slug (D:1)
  5 leopard geckos
  46 orcs
  6 giant cockroaches
  14 goblins
  9 hobgoblins
  9 jackals
  17 kobolds
  9 quokkas
  7 bats
  4 frilled lizards
  A leopard gecko skeleton (D:5)
  A quokka skeleton (D:7)
  7 rats
250 creatures vanquished.

Vanquished Creatures (others)
  A worker ant zombie (D:5)
  An adder (D:5)
2 creatures vanquished.

Grand Total: 252 creatures vanquished

Notes
Turn   | Place    | Note
-------+----------+-------------------------------------------
     0 | D:1      | teukkam the Minotaur Fighter began the quest for the Orb.
     0 | D:1      | Reached XP level 1. HP: 19/19 MP: 0/0
    59 | D:1      | Reached XP level 2. HP: 24/27 MP: 1/1
   172 | D:2      | Reached skill level 4 in Fighting
   209 | D:2      | Reached XP level 3. HP: 16/33 MP: 2/2
   623 | D:3      | Reached XP level 4. HP: 37/40 MP: 3/3
   815 | D:2      | Noticed a bullfrog
   818 | D:2      | Noticed Natasha
   827 | D:2      | Killed a bullfrog
   827 | D:2      | Reached XP level 5. HP: 12/47 MP: 4/4
   832 | D:2      | Killed Natasha
  1202 | D:2      | Noticed Natasha
  1209 | D:2      | Killed Natasha
  1239 | D:1      | Reached skill level 5 in Armour
  1323 | D:4      | Reached skill level 5 in Shields
  1345 | D:5      | Entered Level 5 of the Dungeon
  1345 | D:5      | Noticed Pikel
  1345 | D:5      | Noticed a slave
  1345 | D:5      | Noticed a slave
  1346 | D:5      | Noticed a slave
  1371 | D:5      | Noticed a slave
  1374 | D:5      | Killed Pikel
  1374 | D:5      | Reached skill level 5 in Fighting
  1374 | D:5      | Reached skill level 5 in Axes
  1374 | D:5      | Reached XP level 6. HP: 55/57 MP: 5/5
  1374 | D:5      | Reached XP level 7. HP: 60/62 MP: 6/6
  1468 | D:6      | Found a staircase to the Ecumenical Temple.
  1468 | D:6      | Noticed Edmund
  1485 | D:6      | Killed Edmund
  1485 | D:6      | Reached skill level 6 in Fighting
  1523 | Temple   | Entered the Ecumenical Temple
  1765 | D:3      | Noticed Terence
  1771 | D:3      | Killed Terence
  1779 | D:3      | Found a snail-covered altar of Cheibriados.
  1922 | D:2      | Noticed Natasha
  1926 | D:2      | Killed Natasha
  1926 | D:2      | Reached XP level 8. HP: 71/71 MP: 7/7
  2676 | D:5      | Found an ornate altar of the Wu Jian Council.
  2681 | D:5      | Became a worshipper of the Wu Jian Council
  2744 | D:4      | Reached skill level 1 in Slings
  2790 | D:3      | Noticed Robin
  3043 | D:3      | Killed Robin
  3043 | D:3      | Reached skill level 7 in Fighting
  3158 | D:3      | Found a shadowy altar of Dithmenos.
  3859 | D:2      | Reached * piety under Wu Jian
  4842 | D:6      | Reached skill level 8 in Fighting
  4917 | D:6      | Found a shimmering altar of Xom.
  5155 | D:6      | Found a basalt altar of Yredelemnul.
  5186 | D:6      | Reached skill level 5 in Slings
  5301 | D:7      | Reached skill level 9 in Fighting
  5367 | D:7      | Reached XP level 9. HP: 83/83 MP: 8/8
  5423 | D:7      | Found an opulent altar of Gozag.
  5579 | D:8      | Reached ** piety under Wu Jian
  5648 | D:8      | Found a blossoming altar of Fedhas.
  5755 | D:8      | Reached skill level 10 in Fighting
  5805 | D:8      | Reached *** piety under Wu Jian
  5808 | D:8      | Found a roughly hewn altar of Beogh.
  6276 | D:7      | Reached skill level 11 in Fighting
  6287 | D:7      | Found a stormy altar of Qazlal.
  7109 | D:9      | Noticed a seven-headed hydra
  7118 | D:9      | Killed a seven-headed hydra
  7118 | D:9      | Reached XP level 10. HP: 73/97 MP: 9/9
  7123 | D:9      | Reached **** piety under Wu Jian
  7143 | D:9      | Found a burning altar of Makhleb.
  7434 | D:10     | Entered Level 10 of the Dungeon
  7598 | D:11     | Reached skill level 12 in Fighting
  7714 | D:11     | Found Esteseos's Armour Emporium.
  8031 | D:11     | Found a staircase to the Lair.
  8071 | D:11     | Gained mutation: Scrolls take you a little longer to read.
                  | [potion of mutation]
  8071 | D:11     | Gained mutation: Your body sometimes deteriorates upon
                  | taking damage. [potion of mutation]
  8071 | D:11     | Gained mutation: You are surrounded by a mild repulsion
                  | field. (EV +2) [potion of mutation]
  8441 | D:11     | Killed an unseen horror
  8441 | D:11     | Reached skill level 10 in Slings
  8666 | D:11     | Killed an unseen horror
  8666 | D:11     | Reached ***** piety under Wu Jian
  8694 | D:11     | Reached skill level 13 in Fighting
  8967 | Lair:1   | Entered Level 1 of the Lair of Beasts
  8977 | Lair:1   | Noticed a six-headed hydra
  8977 | Lair:1   | Noticed a spiny frog
  9004 | Lair:1   | Slain by a six-headed hydra

Skill      XL: |  1  2  3  4  5  6  7  8  9 10 |
---------------+-------------------------------+-----
Fighting       | 4 5 6 9 11 13 | 13.0
Shields        | 4 6 |  6.6
Armour         | 4 6 |  6.6
Axes           | 3 5 6 |  6.0
Slings         | 5 9 10 | 10.7

Action                   |  1- 3 |  4- 6 |  7- 9 | 10-12 || total
-------------------------+-------+-------+-------+-------++-------
Melee: War axe           |    78 |    44 |       |       ||   122
       Headbutt          |     6 |    11 |    49 |    22 ||    88
       Hand axe          |       |    12 |   287 |    96 ||   395
       Whip              |       |       |     4 |    10 ||    14
 Fire: Hunting sling     |       |       |    65 |    25 ||    90
Invok: Whirlwind         |       |       |    49 |    20 ||    69
       Lunge             |       |       |    15 |     7 ||    22
 Abil: Wall Jump         |       |       |     3 |     7 ||    10
Evoke: Wand              |       |       |     1 |     6 ||     7
  Use: Scroll            |       |     6 |       |     7 ||    13
       Potion            |       |     2 |     5 |     6 ||    13
 Stab: Invisible         |       |       |     4 |       ||     4
  Eat: Chunk             |       |     1 |    21 |     7 ||    29
       Ration            |       |       |     2 |       ||     2
Armor: Scale mail        |    34 |    22 |     5 |       ||    61
       Chain mail        |       |       |   100 |    95 ||   195
Dodge: Dodged            |    33 |    25 |    61 |    27 ||   146
Block: Shield            |    52 |    38 |   127 |    61 ||   278
